 Dungeon Crawl Stone Soup version 0.31-a0-164-g2312942fda (webtiles) character file.

Game seed: 284076285303464284

53 qw the Chopper (level 3, -1/23 HPs)
             Began as a Gargoyle Fighter on June 13, 2023.
             Slain by a gnoll
             ... wielding a +0 halberd
              (3 damage)
             ... on level 2 of the Dungeon.
             The game lasted 00:00:35 (806 turns).

qw the Chopper (Gargoyle Fighter)                    Turns: 806, Time: 00:00:36

Health: -1/23      AC: 15    Str: 21    XL:     3   Next: 87%
Magic:  3/3        EV:  9    Int:  8    God:
Gold:   37         SH:  4    Dex:  9    Spells: 2/2 levels left

rFire   . . .        Y - +0 war axe
rCold   . . .        c - +0 buckler
rNeg    + . .        b - +0 scale mail
rPois   inf          (no helmet)
rElec   +            j - +0 cloak
rCorr   .            (no gloves)
SInv    .            (no boots)
Will    .....        (no amulet) Stlth
                     h - +4 ring of protection
HPRegen 0.23/turn    (no ring)
MPRegen 0.08/turn

%: no passive effects
@: no status effects
A: sickness immunity, AC +3, negative energy resistance 1, electricity
resistance, torment resistance 1, petrification resistance
a: no special abilities


You were on level 2 of the Dungeon.
You visited 1 branch of the dungeon, and saw 2 of its levels.

You collected 37 gold pieces.


Innate Abilities, Weirdness & Mutations

You are immune to sickness and miasma.
Your stone body is resilient. (AC +3)
You are immune to poison.
You resist negative energy. (rN+)
You are resistant to electric shocks. (rElec)
You are resistant to unholy torment.
You are immune to petrification.


   Skills:
 - Level 3.2 Fighting
 + Level 3.7 Axes
 - Level 3.2 Armour
 - Level 3.2 Shields


You had 2 spell levels left.
You didn't know any spells.
Your spell library was empty.

Inventory:

Hand Weapons
 e - a +0 whip
 Y - a +0 war axe (weapon)
Armour
 b - a +0 scale mail (worn)
 c - a +0 buckler (worn)
 j - a +0 cloak (worn)
Jewellery
 h - a +4 ring of protection (left hand)
Potions
 d - a potion of might
 f - a potion of heal wounds
 k - a potion of invisibility {unknown}

Dungeon Overview and Level Annotations

Branches:
Dungeon (2/15)

Altars:


Message History

An adder comes into view.
The gnoll hits you from afar with a +0 spear.
You miss the adder.
The adder is almost dead.
The adder hisses angrily.
You hear a shout!
The adder barely misses you. The gnoll hits you but does no damage.
The adder barely misses you.
You hear an angry hiss.
You closely miss the adder.
The adder is almost dead.
The adder barely misses you. The gnoll barely misses you.
The adder bites you but does no damage.
You barely miss the adder.
The adder is almost dead.
You slash the gnoll!
You feel your willpower return.
The gnoll hits you but does no damage. x2; You block the adder's attack.
The gnoll hits you but does no damage. The gnoll barely misses you.
You closely miss the adder.
The adder is almost dead.
You hit the gnoll. The adder bites you. The adder bites you but does no damage.
The gnoll hits you from afar with a +0 spear.
The gnoll closely misses you.
A gnoll comes into view. It is wielding a +0 halberd.
You hit the gnoll but do no damage.
The gnoll is almost dead.
You slash the adder!
You kill the adder!
You block the gnoll's attack.
The gnoll hits you from afar with a +0 spear.
You hit the gnoll.
The gnoll is almost dead.
The gnoll hits you with a +0 flail. The gnoll barely misses you. x3
You block the gnoll's attack.
You barely miss the gnoll.
The gnoll is almost dead.
The gnoll hits you with a +0 flail. You block the gnoll's attack.
The gnoll hits you from afar with a +0 halberd.
You die...

. ...
#.#.#
#.#.#
#.#..
..S#
gg###
#.g.#
#@#
#.#
#<#
###


You could see 3 gnolls and an adder.

Vanquished Creatures
  2 adders (D:2)
  An endoplasm (D:1)
  5 giant cockroaches (D:1)
  2 goblins (D:1)
  3 hobgoblins (D:1)
  2 jackals (D:1)
  4 kobolds
  2 quokkas (D:1)
  2 ball pythons (D:1)
  4 bats (D:1)
  3 rats (D:1)
30 creatures vanquished.

Notes
Turn   | Place    | Note
-------+----------+-------------------------------------------
     0 | D:1      | qw the Gargoyle Fighter began the quest for the Orb.
     0 | D:1      | Reached XP level 1. HP: 14/14 MP: 1/1
     0 | D:1      | 0 ||| qw: Version: 0.2-a-29-gc1b59c4
     0 | D:1      | 0 ||| qw: Game counter: 4546
     0 | D:1      | 0 ||| qw: Always use a shield: true
     0 | D:1      | 0 ||| qw: God list: Okawaru
     0 | D:1      | 0 ||| qw: Allow faded altars: false
     0 | D:1      | 0 ||| qw: Do Orc after D:15 true
     0 | D:1      | 0 ||| qw: Do second Lair branch before Depths: true
     0 | D:1      | 0 ||| qw: Lair rune preference: random
     0 | D:1      | 0 ||| qw: Plans: Normal, Zot:1-4, Slime:5, God:TSO, Crypt,
                  | Tomb, Abyss, Pan, Hells, Win
     0 | D:1      | 0 ||| PLANNING D:1-11
    77 | D:1      | Reached XP level 2. HP: 19/19 MP: 2/2
   180 | D:1      | Reached skill level 3 in Axes
   297 | D:1      | 297 ||| Stepping ~*~*~tactically~*~*~ (stealth).
   298 | D:1      | 298 ||| Stepping ~*~*~tactically~*~*~ (stealth).
   301 | D:1      | Reached XP level 3. HP: 23/23 MP: 3/3
   442 | D:1      | 442 ||| Stepping ~*~*~tactically~*~*~ (stealth).
   747 | D:1      | 747 ||| UPGRADING to +0 cloak.
   752 | D:1      | 752 ||| UPGRADING to +4 ring of protection.
   753 | D:1      | 753 ||| READING scroll labelled VOUMNUITUU.
   769 | D:1      | 769 ||| READING scroll labelled YLLITHR HAGH.
   770 | D:1      | 770 ||| READING scroll labelled JUTIUL XAOQEG.
   771 | D:1      | 771 ||| READING scroll labelled AXOWUL PEZXITZ.
   772 | D:1      | 772 ||| DRINKING 2 clear potions.
   806 | D:2      | HP: 2/23 [gnoll/+0 flail (6)]
   806 | D:2      | Slain by a gnoll

Levels and vault maps discovered:
D:1:      roderic_dead_forest, layout_basic, minmay_unequal
D:2:      layout_basic, hellmonk_ecumenical_altar_run_dry, basic_altar

Skill      XL: |  1  2 |
---------------+-------+-----
Axes           | 2 3 |  3.7
Fighting       | |  3.2
Armour         | |  3.2
Shields        | |  3.2

Action                     || total
---------------------------++-------
  Melee: War axe           ||   106
    Use: Scroll            ||     4
         Potion            ||     1
 Armour: Scale mail        ||    77
  Dodge: Dodged            ||    65
  Block: Buckler           ||    27

Table legend:
 A = Non-vault XP
 B = Vault XP
 C = Vault XP percentage of total XP
 D = Non-vault monster count
 E = Vault monster count
 F = Vault count percentage of total count
                 A         B        C        D         E       F
            +---------+---------+-------+---------+---------+-------
      Total |      71 |       5 |   6.6 |      27 |       3 |  10.0
            +---------+---------+-------+---------+---------+-------
        D:1 |      42 |       5 |  10.6 |      24 |       3 |  11.1
        D:2 |      29 |       0 |   0.0 |       3 |       0 |   0.0
            +---------+---------+-------+---------+---------+-------
